 Dungeon Crawl Stone Soup version 0.26-a0-651-gb41185065b (webtiles) character file.

Game seed: 5291511068733281598

(classic levelgen) 9119 EnegeticOcto the Cleaver (level 11, -17/90 HPs)
             Began as a Deep Dwarf Delver on Oct 24, 2020.
             Was a Believer of Ru.
             Demolished by a two-headed ogre
             ... wielding a +0 giant club
              (18 damage)
             ... on level 2 of the Orcish Mines.
             The game lasted 00:09:27 (1737 turns).

EnegeticOcto the Cleaver (Deep Dwarf Delver)        Turns: 1737, Time: 00:09:28

Health: -17/90     AC: 17    Str: 22    XL:     11   Next: 18%
Magic:  3/3        EV:  8    Int: 13    God:    Ru [**....]
Gold:   285        SH: 10    Dex: 14    Spells: 25/25 levels left

rFire    . . .     SeeInvis +   a - +2 broad axe (venom)
rCold    + . .     Faith    .   k - +2 kite shield {rN+}
rNeg     + . .     Spirit   .   G - +7 scale mail "Raserei" {Str+5 Stlth-}
rPois    .         Reflect  .   u - +0 helmet
rElec    .         Harm     .   t - +0 cloak
rCorr    .         Rampage  .   (no gloves)
MR       +....                  (no boots)
Stlth    +.........             (no amulet)
HPRegen  0.00/turn              p - ring of protection from cold
MPRegen  0.08/turn              v - ring of see invisible

@: non-regenerating
A: damage resistance, heal wounds, sense surroundings 2, inexperienced 1, no
regeneration
a: Heal Wounds, Renounce Religion


You were on level 2 of the Orcish Mines.
You worshipped Ru.
Ru was pleased with you.
You visited 2 branches of the dungeon, and saw 11 of its levels.
You also visited: Bailey.

You collected 321 gold pieces.
You spent 36 gold pieces at shops.

Inventory:

Hand Weapons
 a - a +2 broad axe of venom (weapon)
 m - a +1 war axe
Missiles
 i - 6 javelins (quivered)
 E - a throwing net
Armour
 b - a +0 leather armour
 h - a +1 ring mail
 j - a +0 chain mail
 k - a +2 kite shield of positive energy (worn)
 l - a +1 plate armour of magic resistance
 o - a +0 crystal plate armour
 t - a +0 cloak (worn)
 u - a +0 helmet (worn)
 G - the +7 scale mail "Raserei" (worn) {Str+5 Stlth-}
   (You found it on level 11 of the Dungeon)

   It affects your strength (+5).
   It makes you less stealthy.
Jewellery
 p - a ring of protection from cold (left hand)
 v - a ring of see invisible (right hand)
Wands
 g - a wand of digging (2) {@v3}
 w - a wand of disintegration (23)
 A - a wand of iceblast (8) {@v2}
 F - a wand of paralysis (10)
Scrolls
 c - 2 scrolls of fog
 e - 2 scrolls of fear
 n - 3 scrolls of identify {@r1}
 q - 2 scrolls of magic mapping {@r5}
 y - a scroll of teleportation {@r3}
 D - a scroll of brand weapon {unknown}
Potions
 d - a potion of berserk rage
 f - a potion of haste {@q4}
 r - a potion of stabbing
 s - a potion of brilliance {unknown}
 x - a potion of curing {@q1}
 z - 2 potions of ambrosia {unknown}
 C - a potion of degeneration {unknown}
Miscellaneous
 B - a tin of tremorstones (3/3)


   Skills:
 - Level 3.0 Fighting
 * Level 13.9 Axes
 + Level 8.0 Armour
 - Level 2.6 Dodging
 - Level 6.3 Stealth
 + Level 7.7 Spellcasting


You had 25 spell levels left.
You didn't know any spells.
Your spell library was empty.

Dungeon Overview and Level Annotations

Branches:
Dungeon (11/15)               Orc (2/2) D:11         Bailey (visited)
 Temple: D:4-7         Lair: D:8-11         Elf: Orc:2

Altars:
Ru

Shops:
D:9 *   Orc:2 *[}(


Innate Abilities, Weirdness & Mutations

You are resistant to damage.
You can heal yourself by infusing magical energy.
You passively map the area around you.
You are somewhat inexperienced. (-2 XL)
You do not regenerate.


Message History

The deep troll claws you.
The two-headed ogre hits you with a +0 giant club!
You block the two-headed ogre's attack. The deep troll bites you!
The deep troll claws you.
The deep troll claws you but does no damage.
You slash the deep troll!
The deep troll looks as sick as possible!
The deep troll is almost dead.
You hit the two-headed ogre.
The two-headed ogre looks as sick as possible!
You closely miss the troll. You block the troll's attack.
The troll claws you but does no damage. x2; The cyclops throws a large rock.
You block the large rock.
The two-headed ogre hits you with a +0 giant club!
The two-headed ogre barely misses you.
The deep troll bites you but does no damage.
The deep troll claws you but does no damage. x2
You are too injured to fight recklessly!
You feel much better.
You kill the deep troll!
Your Armour skill increases to level 8!
The troll bites you but does no damage. The troll claws you!
The troll claws you.
The cyclops throws a large rock.
You block the large rock. You block the two-headed ogre's attack.
The two-headed ogre hits you with a +0 giant spiked club.
The deep troll shouts!
You slice the two-headed ogre!!
The two-headed ogre is severely wounded.
You slash the troll! The troll bites you but does no damage.
The troll claws you. The troll claws you but does no damage.
The cyclops throws a large rock.
The large rock hits you!!!
* * * LOW HITPOINT WARNING * * *
You are too injured to fight recklessly!
You fail to use your ability.
The ogre mage casts a spell.
The ogre mage seems to speed up.
The two-headed ogre is stunned by your will and fails to attack.
The troll bites you but does no damage.
The troll claws you but does no damage. x2
You fail to use your ability.
The two-headed ogre completely misses you.
The two-headed ogre barely misses you. You block the troll's attack.
The troll claws you but does no damage. x2
You feel much better. The troll bites you but does no damage.
The troll claws you. The troll claws you!
* * * LOW HITPOINT WARNING * * *
You block the two-headed ogre's attack. x2
You feel much better.
The ogre mage gestures at the ogre while chanting.
The ogre seems to speed up.
The troll bites you! The troll claws you! You block the troll's attack.
The ogre mage points at you and mumbles some strange words.
You easily resist.
You block the two-headed ogre's attack.
The two-headed ogre hits you with a +0 giant spiked club.
You feel much better.
The ogre mage hits you but does no damage.
The troll bites you but does no damage. You block the troll's attack. x2
The cyclops throws a large rock.
The large rock hits you!
Okay, then.
The ogre mage hits you but does no damage.
You feel much better.
The ogre mage hits you but does no damage.
You block the troll's attack. x2; The troll barely misses you.
The two-headed ogre is stunned by your will and fails to attack.
As you read the scroll of fear, it crumbles to dust.
You assume a fearsome visage.
The ogre mage resists with almost no effort.
The ogre looks frightened!
The cyclops looks frightened!
The two-headed ogre easily resists.
The deep troll looks frightened!
The troll looks frightened!
The two-headed ogre looks frightened! x2
The ogre mage hits you but does no damage.
The ogre mage barely misses you.
The cyclops begs for mercy.
The ogre mage hits you but does no damage.
You hit the ogre mage.
The ogre mage is poisoned.
The ogre mage is lightly wounded.
The ogre mage barely misses you. You block the ogre mage's attack.
You slice the ogre mage!!
The ogre mage looks as sick as possible!
The ogre mage is heavily wounded.
The ogre mage casts a spell at the two-headed ogre.
The two-headed ogre seems to speed up.
You barely miss the ogre mage.
The ogre mage is heavily wounded.
You hit the two-headed ogre.
The two-headed ogre is poisoned.
The ogre mage gestures at the ogre while chanting.
The ogre seems to speed up.
The deep troll wails, "Oh dear!
Oh dear!"
The two-headed ogre hits you with a +0 giant club!!
The two-headed ogre hits you with a +0 dire flail.
The ogre mage casts a spell at you. The bolt of lightning hits you!!
* * * LOW HITPOINT WARNING * * *
You focus your will and blind the ogre mage in retribution!
Your magical essence is drained by the effort!
You feel much better.
The ogre mage gestures at you while chanting.
The bolt of lightning hits you!!
* * * LOW HITPOINT WARNING * * *
The two-headed ogre hits you with a +0 giant club!!
You die...

, , ....... ...#... ,**
.......,...O.... ,,** ,
, ....... ......... ,
....... ...∩..T.. ,,
..#....#........., , ,
........#........ * ,
,.<............... , ,*
, ,,,................. ,
* , .......@(∩....... ,
, , .......OO††......
................. ,
.............C..., ,, ,
, ,
.##......#.O......#.##..
, , ,
..............∩........
,
.....$....∩T............
.$......#.....O.........
* , ......
.............##


You could see 3 two-headed ogres, an ogre mage (fast, blind, extremely
poisoned), a deep troll (fleeing), a cyclops (fleeing), a troll (fleeing) and an
ogre (fast).

Vanquished Creatures
  Harold (D:11)
  3 two-headed ogres (Orc:2)
  An ogre mage (Orc:2)
  A deep troll (Orc:2)
  A cyclops (Orc:2)
  7 trolls
  A hornet (D:7)
  A wyvern (D:11)
  A warg (Orc:1)
  6 orc warriors
  13 ogres
  An ice beast (D:11)
  A black bear (D:7)
  7 centaurs
  A crocodile (D:7)
  3 bullfrogs
  A wyvern skeleton (D:7)
  A scorpion (D:7)
  8 killer bees
  A hound (D:5)
  3 bullfrog skeletons
  6 orc priests
  5 orc wizards
  2 worker ants
  A hound zombie (D:7)
  A hound skeleton (D:11)
  A worker ant zombie (D:6)
  3 adders
  A white imp (D:5)
  3 ufetubi
  27 orcs
  2 giant cockroaches
  2 jackals (D:8)
  3 quokkas
  A quokka skeleton (D:7)
121 creatures vanquished.

Vanquished Creatures (others)
  A two-headed ogre (Orc:2)
  Psyche (D:11)
  An ogre (D:11)
  2 killer bees (D:11)
  An adder skeleton (D:6)
  17 fungi (D:9)
  36 plants
59 creatures vanquished.

Grand Total: 180 creatures vanquished

Notes
Turn   | Place    | Note
-------+----------+-------------------------------------------
     0 | D:5      | EnegeticOcto the Deep Dwarf Delver began the quest for the
                  | Orb.
     0 | D:5      | Reached XP level 1. HP: 20/20 MP: 1/1
     1 | D:6      | Noticed an orc warrior
    26 | D:7      | Noticed a scorpion
    31 | D:7      | Found a sacrificial altar of Ru.
    39 | D:7      | Became a worshipper of Ru the Awakened
    58 | D:7      | Reached XP level 2. HP: 19/28 MP: 2/2
    58 | D:7      | Reached XP level 3. HP: 23/34 MP: 3/3
    86 | D:7      | Killed a scorpion
    86 | D:7      | Reached skill level 3 in Axes
    86 | D:7      | Reached skill level 1 in Spellcasting
    86 | D:7      | Reached XP level 4. HP: 40/42 MP: 2/4
   110 | D:7      | Noticed a black bear
   125 | D:7      | HP: 1/42 [black bear (3)]
   127 | D:7      | Killed a black bear
   127 | D:7      | Reached skill level 4 in Axes
   127 | D:7      | Reached XP level 5. HP: 28/49 MP: 4/6
   217 | D:7      | Reached skill level 5 in Axes
   278 | D:7      | Reached XP level 6. HP: 48/56 MP: 7/7
   303 | D:7      | Found a flagged portal.
   313 | Bailey   | Entered a bailey
   467 | Bailey   | Noticed an orc warrior
   467 | Bailey   | Noticed an orc warrior
   467 | Bailey   | Noticed an orc warrior
   467 | Bailey   | Noticed an orc warrior
   524 | Bailey   | Noticed an orc warrior
   546 | Bailey   | Killed an orc warrior
   546 | Bailey   | Reached skill level 6 in Axes
   673 | D:6      | Killed an orc warrior
   673 | D:6      | Reached XP level 7. HP: 49/62 MP: 4/4
   712 | D:5      | Reached skill level 7 in Axes
   905 | D:7      | Reached skill level 8 in Axes
   921 | D:7      | Reached XP level 8. HP: 41/69 MP: 3/5
   970 | D:7      | Noticed a hornet
   978 | D:7      | Paralysed by a hornet for 1 turns
   985 | D:7      | Paralysed by a hornet for 2 turns
   991 | D:7      | Paralysed by a hornet for 2 turns
  1019 | D:7      | Killed a hornet
  1030 | D:7      | Gained mutation: You are somewhat inexperienced. (-2 XL)
                  | [Ru sacrifice]
  1030 | D:7      | Reached XP level 7. HP: 54/62 MP: 3/3
  1030 | D:7      | Reached XP level 6. HP: 54/56 MP: 2/2
  1030 | D:7      | Reached * piety under Ru
  1030 | D:7      | Reached ** piety under Ru
  1036 | D:7      | Reached skill level 9 in Axes
  1129 | D:8      | Noticed an orc warrior
  1139 | D:8      | Reached XP level 7. HP: 33/62 MP: 2/2
  1143 | D:8      | Reached skill level 1 in Armour
  1273 | D:9      | Found Oforik's General Store.
  1279 | D:9      | Bought a scroll of teleportation for 36 gold pieces
  1308 | D:10     | Entered Level 10 of the Dungeon
  1329 | D:11     | Noticed a wyvern
  1356 | D:11     | Reached skill level 10 in Axes
  1356 | D:11     | Reached skill level 5 in Spellcasting
  1375 | D:11     | Reached XP level 8. HP: 69/69 MP: 3/3
  1434 | D:11     | Noticed Psyche
  1449 | D:11     | Paralysed by Psyche for 2 turns
  1459 | D:11     | Killed Psyche
  1496 | D:11     | Reached skill level 11 in Axes
  1520 | D:11     | Noticed a troll
  1523 | D:11     | Identified a scroll of acquirement
  1523 | D:11     | Acquired a +2 broad axe of venom
  1523 | D:11     | Noticed Harold
  1524 | D:11     | Paralysed by Harold for 4 turns
  1539 | D:11     | Gained mutation: You passively map the area around you.
                  | [Deep Dwarf growth]
  1539 | D:11     | Reached XP level 9. HP: 58/75 MP: 3/3
  1542 | D:11     | Killed a troll
  1548 | D:11     | Killed Harold
  1548 | D:11     | Reached skill level 5 in Armour
  1560 | D:11     | Got a bloodstained scale mail
  1570 | D:11     | Identified the +7 scale mail "Raserei" {Str+5 Stlth-} (You
                  | found it on level 11 of the Dungeon)
  1575 | D:11     | Found a staircase to the Orcish Mines.
  1590 | Orc:1    | Entered Level 1 of the Orcish Mines
  1601 | Orc:1    | Noticed a troll
  1619 | Orc:1    | Killed a troll
  1619 | Orc:1    | Reached skill level 12 in Axes
  1645 | Orc:2    | Entered Level 2 of the Orcish Mines
  1645 | Orc:2    | Found Onnoy's Antique Weapon Shoppe.
  1645 | Orc:2    | Noticed a troll
  1645 | Orc:2    | Noticed a cyclops
  1645 | Orc:2    | Noticed a troll
  1645 | Orc:2    | Noticed a troll
  1646 | Orc:2    | Found Cucy's Antique Armour Shoppe.
  1652 | Orc:2    | Noticed a two-headed ogre
  1657 | Orc:2    | Killed a troll
  1657 | Orc:2    | Reached XP level 10. HP: 55/84 MP: 5/5
  1665 | Orc:2    | Killed a two-headed ogre
  1665 | Orc:2    | Noticed an ogre mage
  1667 | Orc:2    | Noticed a two-headed ogre
  1667 | Orc:2    | Noticed a two-headed ogre
  1668 | Orc:2    | Noticed a two-headed ogre
  1668 | Orc:2    | Noticed a two-headed ogre
  1670 | Orc:2    | Noticed a two-headed ogre
  1674 | Orc:2    | Killed a cyclops
  1676 | Orc:2    | Noticed a deep troll
  1677 | Orc:2    | Noticed a two-headed ogre
  1678 | Orc:2    | Noticed an ogre mage
  1700 | Orc:2    | Killed a two-headed ogre
  1700 | Orc:2    | Reached skill level 13 in Axes
  1703 | Orc:2    | Found Junofemn's General Store.
  1703 | Orc:2    | Found Ashegeidd's Gadget Emporium.
  1703 | Orc:2    | Noticed a deep troll
  1703 | Orc:2    | Noticed a two-headed ogre
  1707 | Orc:2    | Killed a two-headed ogre
  1709 | Orc:2    | Killed an ogre mage
  1712 | Orc:2    | Killed a two-headed ogre
  1712 | Orc:2    | Reached XP level 11. HP: 42/90 MP: 3/5
  1723 | Orc:2    | Killed a deep troll
  1736 | Orc:2    | HP: 2/90 [ogre mage/bolt of lightning (27)]
  1737 | Orc:2    | Demolished by a two-headed ogre

Illustrated notes

Levels and vault maps discovered:
D:3:      layout_basic, chequers_temple_overflow_minitemple,
          ebering_ghost_reflecting_pool
D:4:      gammafunk_steamed_eel, layout_basic, minmay_temple_entry_junction,
          lightli_sewer_entry_pipes, uniq_grinder
D:5:      layout_cave_pools, makhleb_heckhound_becter,
          nicolae_ossuary_entry_plus
D:6:      layout_basic, serial_shops, nicolae_shop_crystal,
          lemuel_flamethrower_1
D:7:      layout_loops_ring, nicolae_ru_path_of_blood, enter_bailey_8,
          wad_floor_pattern_untrapped, dk_noncrumbling_2, minmay_starry_boxes
D:8:      layout_basic, minivault_22
D:9:      layout_gridville, due_lair_maze_entry_diamond, serial_shops, shop,
          hangedman_decor_clover_reticule
D:10:     layout_stronghold, st_stairs_4, uniq_maggie
D:11:     layout_rooms, orc_0_dummy, serial_shops,
          nicolae_shop_overgrown_old_shop, lightli_minifort, uniq_psyche,
          uniq_harold
Orc:1:    layout_caves, minmay_orc_temple_a
Orc:2:    st_orc_open, layout_caves

Skill      XL: |  1  2  3  4  5  6  7  8  9 10 11 |
---------------+----------------------------------+-----
Fighting       | 3 |  3.0
Axes           | 3 4 5 9 10 11 12 13 | 13.9
Spellcasting   | 1 2 3 5 6 7 |  7.7
Armour         | 2 4 6 7 8 |  8.0
Dodging        | |  2.6
Stealth        | |  6.3

Action                   |  1- 3 |  4- 6 |  7- 9 | 10-12 || total
-------------------------+-------+-------+-------+-------++-------
Melee: Hand axe          |    32 |   206 |       |       ||   238
       War axe           |       |    26 |   324 |       ||   350
       Broad axe         |       |       |    38 |    39 ||    77
Invok: Sacrifice Experie |       |     1 |       |       ||     1
 Abil: Heal Wounds       |     4 |    23 |    33 |    20 ||    80
Evoke: Wand              |     1 |       |       |       ||     1
       Tin of tremorston |       |       |     3 |       ||     3
  Use: Scroll            |     1 |     3 |     3 |     1 ||     8
       Potion            |       |       |     1 |       ||     1
Armor: Leather armour    |     2 |    12 |       |       ||    14
       Ring mail         |       |    53 |       |       ||    53
       Plate armour      |       |    46 |    14 |       ||    60
       Chain mail        |       |    22 |       |       ||    22
       Crystal plate arm |       |    19 |   422 |       ||   441
       Scale mail        |       |       |    14 |    74 ||    88
Dodge: Dodged            |    20 |   176 |    26 |    47 ||   269
Block: Kite shield       |       |    39 |   269 |    77 ||   385

Table legend: (Time is in decaauts)
 A = Elapsed time spent in this place.
 B = Non-inter-level travel time spent in this place.
 C = Inter-level travel time spent in this place.
 D = Time resting spent in this place.
 E = Time spent auto-exploring this place.
 F = Levels seen in this place.
 G = Mean time per level.
                   A        B        C        D        E       F      G
               +--------+--------+--------+--------+--------+-----+--------+
         Total |   1838 |   1821 |     17 |      0 |      0 |  12 |  153.2 |
       Dungeon |   1432 |   1418 |     14 |      0 |      0 |   9 |  159.1 |
  Orcish Mines |    134 |    131 |      3 |      0 |      0 |   2 |   67.0 |
        Bailey |    271 |    271 |      0 |      0 |      0 |   1 |  271.0 |
               +--------+--------+--------+--------+--------+-----+--------+

Top non-repeatable levels by time:
     D:7: 642 daAuts
    D:11: 290 daAuts
  Bailey: 271 daAuts
     D:5: 155 daAuts
     D:6: 113 daAuts
     D:8: 112 daAuts
   Orc:2: 78 daAuts
     D:9: 76 daAuts
   Orc:1: 56 daAuts
     D:4: 21 daAuts
    D:10: 16 daAuts
     D:3: 1 daAuts
